 Dungeon Sprint DCSS version 0.31.0-32-g396128a36d (webtiles) character file.

Game seed: 3012763198158281668

4620 Groucho the Geomancer (level 10, -2/59 HPs)
             Began as a Deep Elf Earth Elementalist on Mar 25, 2024.
             Was the Champion of Sif Muna.
             Slain by a catoblepas (4 damage)
             ... while petrified by a catoblepas
             ... in the Dungeon (Sprint VII: "The Pits").
             The game lasted 00:11:24 (3112 turns).

Groucho the Geomancer (Deep Elf Earth Elementalist) Turns: 3112, Time: 00:11:24

Health: -2/59      AC: 11    Str:  8    XL:     10   Next: 19%
Magic:  27/27      EV:  2    Int: 25    God:    Sif Muna [******]
Gold:   0          SH:  0    Dex: 18    Spells: 7/31 levels left

rFire   . . .        v - +4 dagger (holy)
rCold   . . .        (no shield)
rNeg    + + +        t - +5 ring mail
rPois   ∞            (no helmet)
rElec   .            (no cloak)
rCorr   .            (no gloves)
SInv    .            u - +0 pair of boots
Will    +....        (no amulet)
Stlth   +++          h - +3 ring of strength
HPRegen 0.29/turn    m - +3 ring of dexterity
MPRegen 0.20/turn

%: no teleportation
@: petrified
A: no striking features
a: Renounce Religion, Channel Magic, Forget Spell, Divine Exegesis


You were in the Dungeon.
You worshipped Sif Muna.
Sif Muna was exalted by your worship.
You visited 1 branch

Inventory:

Hand Weapons
 c - a +2 vampiric dagger
 s - a +2 rapier of electrocution
 v - a +4 dagger of holy wrath (weapon)
Armour
 a - a +0 robe
 e - a +0 buckler
 t - a +5 ring mail (worn)
 u - a +0 pair of boots (worn)
Jewellery
 h - a +3 ring of strength (left hand)
 m - a +3 ring of dexterity (right hand)
Scrolls
 g - a scroll of blinking
 j - 2 scrolls of vulnerability
 k - 5 scrolls of amnesia
 l - a scroll of butterflies
Potions
 b - 5 potions of magic
 d - 3 potions of curing
 f - 3 potions of berserk rage
 i - a potion of invisibility
 n - a potion of haste
 o - 6 potions of heal wounds
 p - a potion of might
 q - a potion of mutation
 r - a potion of brilliance


   Skills:
 - Level 5.0 Fighting
 - Level 5.0 Short Blades
 - Level 7.0 Dodging
 - Level 7.0 Stealth
 + Level 4.6 Shields
 + Level 11.3 Spellcasting
 * Level 12.9 Conjurations
 * Level 13.4 Earth Magic
 + Level 6.7 Alchemy
 + Level 8.3 Invocations


You had 7 spell levels left.
You knew the following spells:

 Your Spells              Type           Power      Damage    Failure   Level
a - Sandblast             Erth           100%       2d20      1%          1
b - Stone Arrow           Conj/Erth      100%       3d13      1%          3
c - Petrify               Alch/Erth      59%        N/A       2%          4
d - Lee's Rapid Deconstr  Erth           34%        3d17*     1%          5
e - Bombard               Conj/Erth      34%        9d6       9%          6
f - Borgnjor's Vile Clut  Necr/Erth      23%        N/A       24%         5

Your spell library contained the following spells:

 Spells                   Type           Power      Damage    Failure   Level
 Sting                    Conj/Alch      100%       1d9       1%          1
 Passwall                 Erth           69%        N/A       1%          3
 Brom's Barrelling Bould  Conj/Erth      68%        2d8       1%          4
 Dazzling Flash           Conj/Hex       92%        N/A       2%          3
 Hailstorm                Conj/Ice       46%        3d10      2%          3
 Fulminant Prism          Conj/Alch      29%        3d14      2%          4
 Leda's Liquefaction      Alch/Erth      29%        N/A       2%          4
 Animate Armour           Summ/Erth      94%        N/A       9%          4
 Olgreb's Toxic Radiance  Alch           47%        N/A       9%          4
 Lesser Beckoning         Tloc           28%        N/A       21%         2
 Arcjolt                  Conj/Air       23%        1d33      26%         5
 Volatile Blastmotes      Fire/Tloc      28%        2d12      38%         3
 Yara's Violent Unravell  Hex/Alch       15%        3d8       67%         5
 Dimensional Bullseye     Hex/Tloc       7%         N/A       80%         4
 Conjure Ball Lightning   Conj/Air       23%        3x3d6     82%         6
 Dispersal                Tloc           7%         N/A       100%        6


Dungeon Overview and Level Annotations

Branches:
Dungeon (1/1)

Altars:
Ashenzari
Cheibriados
Dithmenos
Elyvilon
Fedhas
Gozag
Hepliaklqana
Kikubaaqudgha
Makhleb
Nemelex Xobeh
Okawaru
Qazlal
Ru
Sif Muna
Trog
Uskayaw
Vehumet
Wu Jian
Xom
Yredelemnul
Zin
The Shining One
Jiyva
Lugonu


Message History

You strike the helpless rime drake from behind!
You impale the rime drake!!
The rime drake is heavily wounded.
The rime drake is engulfed in calcifying dust.
The rime drake stops moving altogether!
The catoblepas breathes a plume of calcifying dust at you.
The blast of calcifying dust hits the rime drake.
The blast of calcifying dust hits you.
Unknown command.
The helpless rime drake fails to defend itself.
You perforate the rime drake like a sieve!!!
You kill the rime drake!
Sif Muna accepts your kill.
You are engulfed in calcifying dust.
You are slowing down.
Unknown command.
The ice encasing you melts away.
Your limbs are stiffening.
The endoplasm stops moving altogether!
The catoblepas breathes a plume of calcifying dust at you.
The blast of calcifying dust hits you.
The catoblepas breathes a plume of calcifying dust at you.
The blast of calcifying dust hits you!
You have turned to stone.
You are engulfed in calcifying dust. x2
The catoblepas breathes a plume of calcifying dust at you.
The blast of calcifying dust hits you.
You are engulfed in calcifying dust.
You feel less invigorated.
The catoblepas breathes a plume of calcifying dust at you.
The blast of calcifying dust hits you but does no damage.
You are engulfed in calcifying dust.
The swamp drake is no longer petrified.
The catoblepas gores you but does no damage.
The catoblepas gores you. The catoblepas gores you!!
* * * LOW HITPOINT WARNING * * *
The catoblepas gores you!
* * * LOW HITPOINT WARNING * * *
The catoblepas gores you!
* * * LOW HITPOINT WARNING * * *
The catoblepas gores you!
You die...

..##..##...##..#..... ##
..##.[#...##...'..... .#
..##..)..##...)###... ..##
..##.##..#.......###. ...#
######...'.......k.## ....#
#####....#.(..####..##....#+
[.##..#..##..##..##..†.....#
.[##.###..##.÷...YkJ.#......
))####.##..#.##.@##..# .....
).# #...'..'..####§..## ..##
))##....#..##†........# ##
#######################


You could see a catoblepas, a swamp drake and an endoplasm (petrified).

Vanquished Creatures
  Harold (D)
  A flayed ghost (D)
  A smoke demon (D)
  An orange demon (D)
  A rime drake (D)
  A kobold demonologist (D)
  2 trolls (D)
  A hornet (D)
  A spriggan (D)
  2 vampire mosquitoes (D)
  2 redbacks (D)
  A black bear (D)
  An ogre (D)
  A centaur (D)
  A gnoll sergeant (D)
  2 weeping skulls (D)
  A kobold brigand (D)
  A necrophage (D)
  5 killer bees (D)
  2 crimson imps (D)
  A jelly (D)
  A gnoll bouda (D)
  An orc wizard (D)
  A hell rat (D)
  7 gnolls (D)
  4 ufetubi (D)
  An adder zombie (D)
  A ribbon worm (D)
  2 orcs (D)
  4 ball pythons (D)
  An endoplasm (D)
  A giant cockroach (D)
  2 hobgoblins (D)
  A rat (D)
57 creatures vanquished.

Notes
Turn   | Place    | Note
-------+----------+-------------------------------------------
     0 | D        | Groucho the Deep Elf Earth Elementalist began the quest for
                  | the Orb.
     0 | D        | Reached XP level 1. HP: 10/10 MP: 6/6
    10 | D        | Reached skill level 4 in Earth Magic
    41 | D        | Found a bloodstained altar of Trog.
    41 | D        | Found a shimmering blue altar of Sif Muna.
    41 | D        | Found a viscous altar of Jiyva.
    41 | D        | Found a hazy altar of Hepliaklqana.
    41 | D        | Found an opulent altar of Gozag.
    42 | D        | Found a glowing golden altar of the Shining One.
    42 | D        | Found a glowing silver altar of Zin.
    42 | D        | Found a basalt altar of Yredelemnul.
    42 | D        | Found a shimmering altar of Xom.
    42 | D        | Found an ornate altar of the Wu Jian Council.
    42 | D        | Found a sacrificial altar of Ru.
    42 | D        | Found a stormy altar of Qazlal.
    42 | D        | Found an iron altar of Okawaru.
    42 | D        | Found a sparkling altar of Nemelex Xobeh.
    42 | D        | Found a burning altar of Makhleb.
    42 | D        | Found a blossoming altar of Fedhas.
    42 | D        | Found a white marble altar of Elyvilon.
    42 | D        | Found a shadowy altar of Dithmenos.
    42 | D        | Found a snail-covered altar of Cheibriados.
    44 | D        | Found a radiant altar of Vehumet.
    44 | D        | Found a corrupted altar of Lugonu.
    45 | D        | Found a hide-covered altar of Uskayaw.
    45 | D        | Found an ancient bone altar of Kikubaaqudgha.
    45 | D        | Found a broken altar of Ashenzari.
    47 | D        | Became a worshipper of Sif Muna the Loreminder
    71 | D        | Reached * piety under Sif Muna
    72 | D        | Reached XP level 2. HP: 15/15 MP: 8/8
   208 | D        | Reached ** piety under Sif Muna
   209 | D        | Reached skill level 5 in Earth Magic
   215 | D        | Reached XP level 3. HP: 19/19 MP: 4/11
   222 | D        | Reached *** piety under Sif Muna
   223 | D        | Reached skill level 5 in Spellcasting
   223 | D        | Reached skill level 5 in Conjurations
   223 | D        | Reached skill level 6 in Earth Magic
   455 | D        | Noticed a black bear
   480 | D        | Killed a black bear
   481 | D        | Reached skill level 7 in Earth Magic
   481 | D        | Reached XP level 4. HP: 24/24 MP: 5/14
   481 | D        | Reached XP level 5. HP: 28/28 MP: 5/15
   483 | D        | Reached **** piety under Sif Muna
   484 | D        | Reached skill level 8 in Earth Magic
   754 | D        | Noticed a redback
   761 | D        | Killed a redback
   761 | D        | Reached ***** piety under Sif Muna
   762 | D        | Reached skill level 9 in Earth Magic
   762 | D        | Reached XP level 6. HP: 25/32 MP: 13/18
  1110 | D        | Reached skill level 1 in Fighting
  1110 | D        | Reached skill level 1 in Short Blades
  1110 | D        | Reached skill level 1 in Alchemy
  1123 | D        | Reached skill level 5 in Invocations
  1128 | D        | Received a gift from Sif Muna
  1512 | D        | Learned a level 3 spell: Stone Arrow
  1517 | D        | Learned a level 4 spell: Petrify
  1523 | D        | Learned a level 5 spell: Lee's Rapid Deconstruction
  1530 | D        | Learned a level 6 spell: Bombard
  1533 | D        | Reached XP level 7. HP: 38/38 MP: 16/20
  1534 | D        | Reached skill level 10 in Earth Magic
  1791 | D        | Received a gift from Sif Muna
  1792 | D        | Got Sif Muna's Octavo of Compounds and Zombies {god gift}
  2060 | D        | Noticed a vampire mosquito
  2061 | D        | Noticed a spriggan
  2063 | D        | Noticed a kobold demonologist
  2064 | D        | Killed a vampire mosquito
  2065 | D        | Reached skill level 1 in Shields
  2065 | D        | Reached skill level 10 in Conjurations
  2065 | D        | Killed a spriggan
  2066 | D        | Reached skill level 5 in Stealth
  2066 | D        | Reached XP level 8. HP: 45/45 MP: 6/23
  2067 | D        | Noticed a hellwing
  2072 | D        | Killed a kobold demonologist
  2073 | D        | Reached skill level 5 in Dodging
  2148 | D        | Noticed a troll
  2151 | D        | Reached skill level 11 in Earth Magic
  2153 | D        | Killed a troll
  2165 | D        | Noticed a smoke demon
  2174 | D        | Killed a smoke demon
  2174 | D        | Received a gift from Sif Muna
  2175 | D        | Reached XP level 9. HP: 28/52 MP: 10/24
  2175 | D        | Got Sif Muna's Cyclopedia of Impurities and Lightning {god
                  | gift}
  2458 | D        | Reached ****** piety under Sif Muna
  2459 | D        | Paralysed by a hornet for 2 turns
  2462 | D        | Received a gift from Sif Muna
  2463 | D        | Reached skill level 5 in Alchemy
  2465 | D        | Reached skill level 10 in Spellcasting
  2469 | D        | Got Sif Muna's Precepts of the Volley {god gift}
  2495 | D        | Noticed a troll
  2498 | D        | Killed a troll
  2499 | D        | Reached skill level 5 in Short Blades
  2499 | D        | Reached skill level 12 in Earth Magic
  2569 | D        | Noticed Harold
  2579 | D        | Killed Harold
  2768 | D        | Noticed a flayed ghost
  2774 | D        | Killed a flayed ghost
  2774 | D        | Received a gift from Sif Muna
  2775 | D        | Reached skill level 5 in Fighting
  2775 | D        | Reached XP level 10. HP: 59/59 MP: 11/26
  2849 | D        | Got Sif Muna's Quarto of Nonlocality and the Throng {god
                  | gift}
  2862 | D        | Learned a level 5 spell: Borgnjor's Vile Clutch
  2868 | D        | Noticed an orange demon
  2872 | D        | Reached skill level 13 in Earth Magic
  2877 | D        | Killed an orange demon
  3084 | D        | Noticed a catoblepas
  3111 | D        | HP: 2/59 [catoblepas (8)]
  3112 | D        | Slain by a catoblepas

Illustrated notes

Levels and vault maps discovered:
D:        pitsprint [storerooms_1, entrance_room_1, metal_vault_7, armoury_1,
          mini_pit_1, grid_room_1, main_hall_1, silver_pit, the_coven_2,
          the_vestibule_1, steel_vault_5, golden_pit, hallway_of_sentries,
          crystal_vault_5, iron_vault_4, final_vault]

Skill      XL: |  1  2  3  4  5  6  7  8  9 10 |
---------------+-------------------------------+-----
Conjurations   | 2 4 6 8 9 10 11 12 | 12.9
Earth Magic    | 4 5 7 9 10 11 12 13 | 13.4
Spellcasting   | 4 6 7 8 9 10 11 | 11.3
Invocations    | 2 4 5 6 7 8 |  8.3
Fighting       | 1 2 3 5 |  5.0
Short Blades   | 1 3 4 5 |  5.0
Dodging        | 3 4 6 7 |  7.0
Stealth        | 3 5 6 7 |  7.0
Alchemy        | 2 3 4 6 |  6.7
Shields        | 1 2 4 |  4.6

Action                     |  1- 3 |  4- 6 |  7- 9 | 10-12 || total
---------------------------+-------+-------+-------+-------++-------
  Melee: Dagger            |    18 |    43 |    15 |     3 ||    79
         Punch             |     1 |       |       |       ||     1
   Cast: Sandblast         |    17 |    11 |       |       ||    28
         Stone Arrow       |       |     1 |    45 |    15 ||    61
         Petrify           |       |       |     3 |     2 ||     5
 Invoke: Channel Magic     |       |       |     3 |     2 ||     5
    Use: Potion            |     4 |     6 |     3 |       ||    13
   Stab: Sleeping          |     3 |     1 |     1 |       ||     5
         Invisible         |       |     7 |       |       ||     7
         Petrified         |       |       |     8 |     2 ||    10
         Petrifying        |       |       |       |     1 ||     1
 Armour: Robe              |    20 |    19 |       |       ||    39
         Ring mail         |       |       |    28 |    20 ||    48
  Dodge: Dodged            |    25 |    44 |    16 |     6 ||    91
